 Dungeon Crawl Stone Soup version 0.31-a0-237-g2d982f9f85 (webtiles) character file.

Game seed: 2633643811308455212

40 qw the Shooter (level 3, 0/29 HPs)
             Began as a Minotaur Hexslinger on July 11, 2023.
             Slain by an orc priest
             ... wielding a +0 falchion
              (3 damage)
             ... on level 3 of the Dungeon.
             The game lasted 00:00:23 (1139 turns).

qw the Shooter (Minotaur Hexslinger)                Turns: 1139, Time: 00:00:23

Health: 0/29       AC:  4    Str: 12    XL:     3   Next: 30%
Magic:  3/3        EV: 12    Int: 10    God:
Gold:   94         SH:  0    Dex: 14    Spells: 3/4 levels left

rFire   . . .        Y - +1 sling
rCold   . . .        (no shield)
rNeg    . . .        d - +0 leather armour
rPois   .            (helmet restricted)
rElec   .            (no cloak)
rCorr   .            j - +0 pair of gloves
SInv    .            (no boots)
Will    .....        (no amulet)
Stlth   +            (no ring)
HPRegen 0.24/turn    (no ring)
MPRegen 0.08/turn

%: no passive effects
@: no status effects
A: horns 2, retaliatory headbutt
a: no special abilities


You were on level 3 of the Dungeon.
You visited 1 branch of the dungeon, and saw 3 of its levels.

You collected 94 gold pieces.


Innate Abilities, Weirdness & Mutations

You have a pair of horns on your head.
You reflexively headbutt those who attack you in melee.


   Skills:
 - Level 2.0 Fighting
 + Level 3.9 Ranged Weapons
 - Level 2.1 Dodging
 - Level 1.0 Spellcasting
 - Level 2.0 Hexes


You had 3 spell levels left.
You knew the following spells:

 Your Spells              Type           Power      Damage    Failure   Level
a - Slow                  Hex            16%        N/A       19%         1

Your spell library contained the following spells:

 Spells                   Type           Power      Damage    Failure   Level
 Inner Flame              Hex/Fire       2%         N/A       65%         3
 Portal Projectile        Hex/Tloc       4%         N/A       65%         3
 Cause Fear               Hex            2%         N/A       88%         4

Inventory:

Hand Weapons
 Y - a +1 sling (weapon)
Armour
 c - a +0 ring mail
 d - a +0 leather armour (worn)
 j - a +0 pair of gloves (worn)
Scrolls
 a - a scroll of revelation {unknown}
Potions
 b - a potion of cancellation {unknown}
 e - a potion of might {unknown}
 g - a potion of invisibility {unknown}

Dungeon Overview and Level Annotations

Branches:
Dungeon (2/15)

Altars:


Message History

The sling bullet hits the orc but does no damage.
The orc hits you with a +0 club.
You shoot a sling bullet. The sling bullet hits the orc.
The orc is severely wounded.
The orc closely misses you. You furiously retaliate!
You headbutt the orc.
You kill the orc!
The orc priest invokes the aid of Beogh against you.
Beogh smites you!
You shoot a sling bullet.
The sling bullet closely misses the orc priest.
The orc priest hits you with a +0 falchion.
You shoot a sling bullet. The sling bullet hits the orc priest.
The orc priest is lightly wounded.
The orc priest misses you.
You shoot a sling bullet.
The sling bullet barely misses the orc priest.
The orc priest hits you with a +0 falchion.
You shoot a sling bullet.
The sling bullet barely misses the orc priest.
The orc priest hits you with a +0 falchion.
The orc priest barely misses you.
You shoot a sling bullet.
The sling bullet barely misses the orc priest.
The orc priest closely misses you. You furiously retaliate!
You headbutt the orc priest. You shoot a sling bullet.
The sling bullet hits the orc priest.
The orc priest is severely wounded.
The orc priest closely misses you.
You shoot a sling bullet. The sling bullet hits the orc priest.
The orc priest is severely wounded.
The orc priest misses you. You furiously retaliate!
You headbutt the orc priest. You shoot a sling bullet.
The sling bullet closely misses the orc priest.
The orc priest closely misses you. You furiously retaliate!
You headbutt the orc priest, but do no damage.
The orc priest hits you but does no damage.
You shoot a sling bullet.
The sling bullet barely misses the orc priest.
The orc priest hits you with a +0 falchion.
You die...

..##.. ## ..##.. ..
.... #.##.. .# ....
##.#8.. ..
#...##..##.. .#
#..#.........
.#..........####
#.####o#.#######....#
#....@#..).....#.##.#
######.#.#####.#.##.#
#.#)#####....#.#
#.#.##.....#...#
#.#.##.##....###
#.#.##.##.#.##
##.#.##.##.#.#####
#....##.##.#......
###.###.##.##.#######


You could see an orc priest.

Vanquished Creatures
  A worm (D:3)
  3 orcs (D:3)
  4 bats (D:1)
  3 endoplasms
  2 giant cockroaches
  A hobgoblin (D:2)
  A quokka (D:1)
  7 ball pythons
  3 goblins
  3 kobolds (D:1)
  2 rats (D:1)
30 creatures vanquished.

Notes
Turn   | Place    | Note
-------+----------+-------------------------------------------
     0 | D:1      | qw the Minotaur Hexslinger began the quest for the Orb.
     0 | D:1      | Reached XP level 1. HP: 16/16 MP: 1/1
     0 | D:1      | 0 ||| qw: Version: 0.3-a-52-g30416fa
     0 | D:1      | 0 ||| qw: Game counter: 5835
     0 | D:1      | 0 ||| qw: Melee chars always use a shield: true
     0 | D:1      | 0 ||| qw: God list: Okawaru
     0 | D:1      | 0 ||| qw: Allow faded altars: false
     0 | D:1      | 0 ||| qw: Do Orc after clearing Dungeon:15 true
     0 | D:1      | 0 ||| qw: Do second Lair branch before Depths: true
     0 | D:1      | 0 ||| qw: Lair rune preference: random
     0 | D:1      | 0 ||| qw: Goals: Normal
     0 | D:1      | 0 ||| PLANNING D:1-11
   108 | D:1      | 108 ||| Stepping ~*~*~tactically~*~*~ (outnumbered).
   142 | D:1      | Reached skill level 3 in Ranged Weapons
   142 | D:1      | Reached XP level 2. HP: 23/23 MP: 2/2
   644 | D:1      | 644 ||| UPGRADING to +0 leather armour.
   654 | D:1      | 654 ||| DROPPING +0 robe.
   655 | D:1      | 655 ||| UPGRADING to +0 pair of gloves.
   660 | D:1      | 660 ||| READING scroll labelled RUTUOZXOAPS.
   704 | D:1      | 704 ||| READING scroll labelled OMNABR RAUQ.
   705 | D:1      | 705 ||| READING scroll labelled BAFUCZY AROMOOT.
   706 | D:1      | 706 ||| READING scroll labelled CELIAZICOG.
   807 | D:1      | 807 ||| READING scroll labelled PEZA XOURPHA.
   808 | D:1      | 808 ||| DROPPING scroll of poison.
   963 | D:2      | You fall into a shaft and drop 1 floor!
   979 | D:3      | Reached XP level 3. HP: 29/29 MP: 3/3
  1131 | D:3      | HP: 7/29 [orc priest/+0 falchion (6)]
  1134 | D:3      | HP: 2/29 [orc priest/+0 falchion (3)]
  1139 | D:3      | Slain by an orc priest

Levels and vault maps discovered:
D:1:      saegor_arrival_simple_d, layout_basic
D:2:      minmay_chambers_of_ones, layout_basic
D:3:      layout_loops_ring, corexii_hall_statues_l

Skill      XL: |  1  2 |
---------------+-------+-----
Ranged Weapons | 3 |  3.9
Fighting       | 2 |  2.0
Dodging        | |  2.1
Spellcasting   | |  1.0
Hexes          | |  2.0

Action                     || total
---------------------------++-------
   Fire: Sling             ||    81
    Use: Scroll            ||     5
 Armour: Robe              ||     1
         Leather armour    ||     2
  Dodge: Dodged            ||    25

Table legend:
 A = Non-vault XP
 B = Vault XP
 C = Vault XP percentage of total XP
 D = Non-vault monster count
 E = Vault monster count
 F = Vault count percentage of total count
                 A         B        C        D         E       F
            +---------+---------+-------+---------+---------+-------
      Total |      58 |       0 |   0.0 |      30 |       0 |   0.0
            +---------+---------+-------+---------+---------+-------
        D:1 |      30 |       0 |   0.0 |      19 |       0 |   0.0
        D:2 |       8 |       0 |   0.0 |       4 |       0 |   0.0
        D:3 |      20 |       0 |   0.0 |       7 |       0 |   0.0
            +---------+---------+-------+---------+---------+-------
